 Dungeon Crawl Stone Soup version 0.27.1-35-g4d5d836560 (console) character file.

Game seed: 13371364894673818572

51 grimtooth the Firebug (level 3, -5/26 HPs)
             Began as a Demigod Fire Elementalist on Dec 25, 2022.
             Slain by Grinder (6 damage)
             ... on level 3 of the Dungeon on Dec 26, 2022.
             The game lasted 00:07:01 (1912 turns).

grimtooth the Firebug (Demigod Fire Elementalist)   Turns: 1912, Time: 00:07:02

Health: -5/26      AC:  2    Str:  9    XL:     3   Next: 36%
Magic:  12/17      EV: 12    Int: 21    God:
Gold:   135        SH:  0    Dex: 14    Spells: 4/5 levels left

rFire    . . .     SeeInvis .   (no weapon)
rCold    . . .     Faith    .   (no shield)
rNeg     . . .     Spirit   .   a - +0 robe
rPois    .         Reflect  .   (no helmet)
rElec    .         Harm     .   (no cloak)
rCorr    .         Rampage  .   (no gloves)
Will     .....                  (no boots)
Stlth    ++........             b - amulet of magic regeneration
HPRegen  0.08/turn              l - ring of magical power
MPRegen  0.40/turn              (no ring)

@: very slightly contaminated
A: high mp 1, forlorn
a: no special abilities


You were on level 3 of the Dungeon.
You visited 1 branch of the dungeon, and saw 3 of its levels.

You collected 135 gold pieces.

Inventory:

Missiles
 f - 43 stones (quivered)
 g - 19 sling bullets
Armour
 a - a +0 robe (worn)
Jewellery
 b - an amulet of magic regeneration (around neck)
 l - a ring of magical power (left hand)
Wands
 j - a wand of digging (4)
Scrolls
 e - a scroll of teleportation {unknown}
 i - a scroll of enchant armour {unknown}
Potions
 c - a potion of invisibility {unknown}
 d - a potion of flight {unknown}
 h - 2 potions of attraction {unknown}
 k - 2 potions of heal wounds {unknown}


   Skills:
 - Level 1.7 Dodging
 - Level 1.7 Stealth
 - Level 1.7 Spellcasting
 + Level 2.3 Conjurations
 + Level 3.5 Fire Magic


You had 4 spell levels left.
You knew the following spells:

 Your Spells              Type           Power      Damage    Failure   Level
a - Foxfire               Conj/Fire      56%        2x1d6     4%          1

Your spell library contained the following spells:

 Spells                   Type           Power      Damage    Failure   Level
 Conjure Flame            Conj/Fire      14%        6-21      14%         3
 Inner Flame              Hex/Fire       9%         N/A       22%         3
 Sticky Flame             Conj/Fire      14%        2d4       41%         4
 Fireball                 Conj/Fire      7%         3d5       77%         5


Dungeon Overview and Level Annotations

Branches:
Dungeon (3/15)

Shops:
D:1 =((([

Annotations:
D:2 1 runed translucent door, Crazy Yiuf, Natasha, Sigmund
D:3 Grinder


Innate Abilities, Weirdness & Mutations

Your attributes grow dramatically as you level up.
You have an increased reservoir of magic. (+10% MP)
You shall have no god before yourself.


Message History

The foxfire hits Grinder but does no damage.
Grinder is moderately wounded.
Grinder blinks!
Casting: Foxfire (safe; 4% risk of failure)
Confirm with . or Enter, or press ? or * to list all spells.
You miscast Foxfire.
You are very lightly contaminated with residual magic.
Nothing appears to happen.
The foxfire hits Grinder.
Grinder is moderately wounded.
The foxfire hits Grinder.
Grinder is heavily wounded.
Casting: Foxfire (safe; 4% risk of failure)
Confirm with . or Enter, or press ? or * to list all spells.
You conjure some foxfire!
Grinder barely misses you.
Okay, then.
A centaur skeleton comes into view.
The foxfire hits Grinder.
Grinder is heavily wounded.
The foxfire hits Grinder.
Grinder is severely wounded.
Grinder gestures at you.
You barely resist.
Casting: Foxfire (safe; 4% risk of failure)
Confirm with . or Enter, or press ? or * to list all spells.
You conjure some foxfire!
Grinder gestures at you.
You suddenly lose the ability to move!
The foxfire hits Grinder.
Grinder is severely wounded.
The foxfire hits Grinder.
Grinder is severely wounded.
Grinder hits you!
You can move again.
Unknown command.
Casting: Foxfire (safe; 4% risk of failure)
Confirm with . or Enter, or press ? or * to list all spells.
You conjure some foxfire!
Grinder hits you!
* * * LOW HITPOINT WARNING * * *
You writhe in agony.
You die...

### # ##.? .#
##...# ..#
##.....## ....
#.$...§§## P..⌠.
......v@.#.P..⌠.
......v5..P....≈
.......?..P....P
........##.PP≈..
.#.....## ..##..
##...# .# # ##.#
Z# #. # #.


You could see Grinder (ally target).

Vanquished Creatures
  An adder (D:2)
  2 dart slugs
  3 endoplasms
  2 giant cockroaches
  A goblin (D:2)
  6 hobgoblins
  4 jackals (D:2)
  2 kobolds
  2 quokkas (D:1)
  A ball python (D:2)
  2 bats (D:2)
  10 rats
36 creatures vanquished.

Vanquished Creatures (others)
  102 foxfires
102 creatures vanquished.

Grand Total: 138 creatures vanquished

Notes
Turn   | Place    | Note
-------+----------+-------------------------------------------
     0 | D:1      | grimtooth the Demigod Fire Elementalist began the quest for
                  | the Orb.
     0 | D:1      | Reached XP level 1. HP: 14/14 MP: 5/5
    64 | D:1      | Found Figradd's Antique Weapon Shop.
   192 | D:1      | Reached skill level 1 in Conjurations
   259 | D:1      | Found Mina's Antique Weapon Shoppe.
   306 | D:1      | Reached skill level 3 in Fire Magic
   547 | D:1      | Found Zeingoh's Armour Shop.
   560 | D:1      | Found Wupryjan's Weapon Shop.
   614 | D:1      | Reached XP level 2. HP: 20/20 MP: 5/7
   854 | D:1      | Found Looxkimysa's Jewellery Emporium.
  1000 | D:2      | Noticed Natasha
  1148 | D:2      | Reached XP level 3. HP: 26/26 MP: 6/8
  1345 | D:2      | Noticed Sigmund
  1403 | D:2      | Found a runed translucent door.
  1404 | D:2      | Noticed Crazy Yiuf
  1899 | D:3      | Noticed Grinder
  1910 | D:3      | Paralysed by Grinder for 2 turns
  1912 | D:3      | HP: 1/26 [Grinder (9)]
  1912 | D:3      | Slain by Grinder

Illustrated notes

Levels and vault maps discovered:
D:1:      roderic_octagonal_star, layout_basic, serial_shops,
          nicolae_shop_temple_entry_statues_fountains, shop, nicolae_shop_stone,
          shop_statue, nicolae_shop_competitors_out_of_business
D:2:      layout_loops_ring, uniq_natasha, uniq_crazy_yiuf_cottage, uniq_sigmund
D:3:      layout_loops_ring, shapermc_ecumenical_altar_mp_ritualfount,
          uniq_grinder

Skill      XL: |  1  2 |
---------------+-------+-----
Conjurations   | 1 2 |  2.3
Fire Magic     | 3 |  3.5
Dodging        | |  1.7
Stealth        | |  1.7
Spellcasting   | |  1.7

Action                   || total
-------------------------++-------
Throw: Stone             ||     3
 Cast: Foxfire           ||    66
Armor: Robe              ||     2
Dodge: Dodged            ||    13
